 Dungeon Crawl Stone Soup version 0.22.0-16-gc6d26f6 (webtiles) character file.

21872 Faca the Fighter (level 12, -29/97 HPs)
             Began as a Gnoll Wanderer on Aug 17, 2018.
             Was a High Priest of the Shining One.
             Killed from afar by a molten gargoyle (38 damage)
             ... with a bolt of magma
             ... on level 3 of the Lair of Beasts.
             The game lasted 00:44:26 (19845 turns).

Faca the Fighter (Gnoll Wanderer)                  Turns: 19845, Time: 00:44:27

Health: -29/97     AC: 21    Str: 17    XL:     12   Next: 94%
Magic:  25/25      EV: 11    Int: 19    God:    the Shining One [*****.]
Gold:   777        SH:  0    Dex: 16    Spells: 29/29 levels left

rFire    . . .     SeeInvis .   A - +2 trident (protect)
rCold    . . .     Gourm    .   (no shield)
rNeg     + + .     Faith    .   G - +0 chain mail
rPois    .         Spirit   .   t - +1 helmet {Int+3}
rElec    .         Reflect  .   (no cloak)
rCorr    .         Harm     +   (no gloves)
MR       +....                  o - +0 pair of boots
Stlth    +.........             c - amulet of harm
HPRegen  0.26/turn              g - ring of protection from magic
MPRegen  0.19/turn              (no ring)

@: protection aura, glowing
A: distributed training, fangs 1, strong nose
a: Divine Shield, Cleansing Flame, Summon Divine Warrior, Renounce Religion


You were on level 3 of the Lair of Beasts.
You worshipped the Shining One.
The Shining One was extremely pleased with you.
You were not hungry.

You visited 2 branches of the dungeon, and saw 14 of its levels.
You also visited: Ossuary and Bailey.

You collected 961 gold pieces.
You spent 184 gold pieces at shops.

Inventory:

Hand Weapons
 a - a +0 trident of flaming
 i - a +0 shortbow of flaming
 u - a +1 whip of electrocution
 A - a +2 trident of protection (weapon)
Missiles
 B - 26 arrows
Armour
 o - a +0 pair of boots (worn)
 t - a +1 helmet of intelligence (worn)
 G - a +0 chain mail (worn)
Jewellery
 c - an amulet of harm (around neck)
 g - a ring of protection from magic (left hand)
 v - an uncursed ring of protection from magic
Wands
 k - a wand of paralysis (7)
 p - a wand of digging (27)
 D - a wand of acid (5)
 E - a wand of iceblast (1)
 F - a wand of flame (17)
Scrolls
 b - 4 scrolls of fog
 e - a scroll of holy word
 h - a scroll of blinking
 j - 4 scrolls of identify
 l - 5 scrolls of remove curse
 m - a scroll of enchant armour
 x - 2 scrolls of enchant weapon
 y - 3 scrolls of teleportation
 C - a scroll of immolation
Potions
 d - 3 potions of haste
 n - a potion of cancellation
 q - 4 potions of brilliance
 r - 3 potions of mutation
 s - 2 potions of flight
 w - 2 potions of agility
 z - 2 potions of lignification
Comestibles
 f - 25 rations


   Skills:
 + Level 10.0 Fighting
 + Level 7.6 Short Blades
 + Level 7.6 Long Blades
 + Level 7.6 Axes
 + Level 7.6 Maces & Flails
 + Level 9.0 Polearms
 + Level 7.6 Staves
 + Level 7.6 Slings
 + Level 7.6 Bows
 + Level 7.6 Crossbows
 + Level 7.6 Throwing
 + Level 7.6 Armour
 + Level 7.6 Dodging
 + Level 8.0 Stealth
 + Level 7.6 Shields
 + Level 7.6 Unarmed Combat
 + Level 9.2 Spellcasting
 + Level 6.3 Conjurations
 + Level 6.7 Hexes
 + Level 6.3 Charms
 + Level 6.3 Summonings
 + Level 6.3 Necromancy
 + Level 6.3 Translocations
 + Level 6.3 Transmutations
 + Level 6.3 Fire Magic
 + Level 6.3 Ice Magic
 + Level 6.3 Air Magic
 + Level 6.3 Earth Magic
 + Level 6.3 Poison Magic
 + Level 8.3 Invocations
 + Level 8.1 Evocations


You had 29 spell levels left.
You didn't know any spells.
Your spell library contained the following spells:

 Spells                   Type           Power        Failure   Level  Hunger
 Passwall                 Tmut/Erth      ####....     11%         2    None
 Sticks to Snakes         Tmut           ####....     11%         2    None


Dungeon Overview and Level Annotations

Branches:
Dungeon (11/15)            Temple (0/1) D:5            Lair (3/6) D:10
 Shoals (0/4) Lair:2        Snake (0/4) Lair:2          Orc (0/2) D:9

Altars:
Ashenzari
Dithmenos
Fedhas
Hepliaklqana
Makhleb
Nemelex Xobeh
Okawaru
Qazlal
Trog
Uskayaw
Vehumet
Wu Jian
Xom
Zin
The Shining One

Shops:
D:4 *   D:10 ?

Annotations:
D:2 Sigmund
D:4 2 runed doors, Jabob's ghost, amateur DDFi
Lair:2 exclusion: oklob plant


Innate Abilities, Weirdness & Mutations

Your experience applies equally to all skills.
You have very sharp teeth.
Your uncanny sense of smell can sniff out nearby items.


Message History

The molten gargoyle is heavily damaged.
The molten gargoyle hits you with a mace.
You are engulfed in flames!
You hit the molten gargoyle.
The molten gargoyle is severely damaged.
The molten gargoyle blasts magma at you!
The bolt of magma hits you!
You hit the molten gargoyle.
The molten gargoyle is almost destroyed.
The molten gargoyle blasts magma at you!
The bolt of magma hits you!
* * * LOW HITPOINT WARNING * * *
You hit the molten gargoyle.
The molten gargoyle is almost destroyed.
You hit the molten gargoyle but do no damage.
Your bite misses the molten gargoyle.
The molten gargoyle is almost destroyed.
The molten gargoyle blasts magma at you!
The bolt of magma hits you!
You die...

#.......(..... ≈§§
##.............§§≈≈
#...........P#..≈≈
##......##...#..§
#.......##..(.#
.###.#...÷...P.†.#
......P...........#§≈§§S
..###...............≈≈§≈§
#..#.@...........S§≈≈≈
##...9...........≈≈§§§
#.P..÷..##......≈≈≈§§
##.......##P...P.≈§≈§§
#.........#.....§§≈≈≈§
##.<.............§§§≈§§
.##.......#.(..(.(.(§§≈§§
...........P.........≈≈§§≈
......................§§§≈§


You could see a molten gargoyle.

Vanquished Creatures
  A hydra (Lair:2)
  A catoblepas (Lair:2)
  2 two-headed ogres
  An unseen horror (D:11)
  2 deep elf magi
  A salamander (Lair:3)
  An ugly thing (D:11)
  A cyclops (D:11)
  3 merfolk sirens (Lair:2)
  4 spiny frogs
  3 komodo dragons
  A rime drake (Lair:3)
  A merfolk (Lair:2)
  A hornet (D:11)
  17 blink frogs
  A hippogriff (Lair:3)
  A vampire (D:11)
  2 wraiths (D:11)
  A wyvern (D:9)
  10 yaks
  A fire elemental (Lair:3)
  Grum (Lair:1)
  A steam dragon (D:11)
  A hungry ghost (D:10)
  An acid dragon (D:11)
  3 water moccasins
  A porcupine (Lair:1)
  5 orc warriors
  4 sky beasts
  3 ice beasts
  3 phantoms
  5 ogres
  A black bear (D:9)
  11 wolves
  A centaur (D:4)
  2 crocodiles
  A big kobold (D:11)
  10 bullfrogs
  5 scorpions
  9 killer bees
  14 wights
  3 crimson imps
  5 centaur zombies
  A quasit (D:7)
  2 bullfrog zombies
  4 jellies
  6 hounds
  2 bullfrog skeletons
  5 orc priests
  5 iguanas
  12 orc wizards
  7 worker ants
  2 big kobold zombies (Ossuary)
  4 mummies (Ossuary)
  Robin (D:2)
  17 gnolls
  13 adders
  2 shadow imps
  An adder skeleton (D:8)
  2 worms (D:2)
  4 dart slugs
  2 leopard geckos
  36 orcs
  12 bats
  17 giant cockroaches
  20 goblins
  8 hobgoblins
  14 jackals
  15 kobolds
  3 quokkas
  2 ball pythons
  8 frilled lizards
  A hobgoblin zombie (Ossuary)
  A quokka zombie (D:9)
  7 rats
382 creatures vanquished.

Vanquished Creatures (others)
  3 fungi
  22 plants
25 creatures vanquished.

Grand Total: 407 creatures vanquished

Notes
Turn   | Place    | Note
-------+----------+-------------------------------------------
     0 | D:1      | Faca the Gnoll Wanderer began the quest for the Orb.
     0 | D:1      | Faca set off with: a +2 spear, a potion of curing, a +0 robe, a ration
     0 | D:1      | Reached XP level 1. HP: 23/23 MP: 6/6
   181 | D:1      | Reached XP level 2. HP: 28/29 MP: 7/7
   403 | D:1      | Reached XP level 3. HP: 35/35 MP: 9/9
   473 | D:1      | Reached skill level 5 in Spellcasting
   815 | D:2      | Found a faded altar of an unknown god.
   832 | D:2      | Became a worshipper of the Shining One
   832 | D:2      | Reached * piety under the Shining One
   905 | D:2      | Reached skill level 1 in Invocations
  1116 | D:2      | Reached skill level 1 in Short Blades
  1116 | D:2      | Reached skill level 1 in Long Blades
  1116 | D:2      | Reached skill level 1 in Axes
  1116 | D:2      | Reached skill level 1 in Maces & Flails
  1116 | D:2      | Reached skill level 1 in Staves
  1116 | D:2      | Reached skill level 1 in Slings
  1116 | D:2      | Reached skill level 1 in Bows
  1116 | D:2      | Reached skill level 1 in Crossbows
  1116 | D:2      | Reached skill level 1 in Throwing
  1116 | D:2      | Reached skill level 1 in Armour
  1116 | D:2      | Reached skill level 1 in Dodging
  1116 | D:2      | Reached skill level 1 in Shields
  1116 | D:2      | Reached skill level 1 in Unarmed Combat
  1126 | D:2      | Noticed Sigmund
  1217 | D:2      | Reached XP level 4. HP: 41/41 MP: 11/11
  1239 | D:2      | Noticed Robin
  1857 | D:1      | Reached skill level 1 in Conjurations
  1857 | D:1      | Reached skill level 1 in Charms
  1857 | D:1      | Reached skill level 1 in Summonings
  1857 | D:1      | Reached skill level 1 in Necromancy
  1857 | D:1      | Reached skill level 1 in Translocations
  1857 | D:1      | Reached skill level 1 in Transmutations
  1857 | D:1      | Reached skill level 1 in Fire Magic
  1857 | D:1      | Reached skill level 1 in Ice Magic
  1857 | D:1      | Reached skill level 1 in Air Magic
  1857 | D:1      | Reached skill level 1 in Earth Magic
  1857 | D:1      | Reached skill level 1 in Poison Magic
  2057 | D:2      | Killed Robin
  2254 | D:2      | Found a glowing silver altar of Zin.
  2599 | D:3      | Reached XP level 5. HP: 42/47 MP: 12/12
  2844 | D:3      | HP: 1/47 [orc priest/divine providence (10)]
  3244 | D:3      | Reached ** piety under the Shining One
  3749 | D:3      | Reached XP level 6. HP: 53/53 MP: 13/13
  3854 | D:4      | Found Avugiew's Antique Armour Shoppe.
  3875 | D:4      | Found a shimmering altar of Xom.
  3884 | D:4      | Found a shadowy altar of Dithmenos.
  3886 | D:4      | Found a hazy altar of Hepliaklqana.
  3888 | D:4      | Found a blossoming altar of Fedhas.
  3889 | D:4      | Found an iron altar of Okawaru.
  3901 | D:4      | Found Kaureczaqa's Assorted Antiques.
  3918 | D:4      | Bought 2 scrolls labeled XISIUM JORUOPH for 54 gold pieces
  3918 | D:4      | Bought a scroll labeled CUEV NENISUE for 27 gold pieces
  3918 | D:4      | Bought a scroll labeled ESURIP DUAGH for 27 gold pieces
  3918 | D:4      | Bought a scroll labeled ESURIP DUAGH for 27 gold pieces
  3926 | D:4      | Found a large runed door.
  3963 | D:4      | Reached skill level 5 in Polearms
  4133 | D:4      | Reached XP level 7. HP: 33/59 MP: 15/15
  4377 | D:4      | Reached skill level 7 in Fighting
  4619 | D:4      | Found a large runed door.
  4621 | D:4      | Noticed Jabob's ghost (amateur DDFi)
  4747 | D:5      | Entered Level 5 of the Dungeon
  4784 | D:5      | Found a hide-covered altar of Uskayaw.
  5015 | D:5      | Found a shimmering altar of Xom.
  5246 | D:5      | Found an ornate altar of the Wu Jian Council.
  5275 | D:5      | Found a staircase to the Ecumenical Temple.
  5770 | D:6      | Reached XP level 8. HP: 67/67 MP: 16/16
  6137 | D:6      | Found a sand-covered staircase.
  6146 | Ossuary  | Entered an ossuary
  6152 | Ossuary  | Reached *** piety under the Shining One
  6618 | D:6      | Reached XP level 9. HP: 72/72 MP: 18/18
  6990 | D:6      | Found a stormy altar of Qazlal.
  7111 | D:7      | Reached **** piety under the Shining One
  7639 | D:8      | Found a sparkling altar of Nemelex Xobeh.
  7678 | D:8      | Reached skill level 5 in Evocations
  7695 | D:8      | Found a flagged portal.
  7716 | D:8      | Reached skill level 5 in Stealth
  7767 | Bailey   | Entered a bailey
  7774 | Bailey   | Noticed a deep elf mage
  7791 | Bailey   | Killed a deep elf mage
  7791 | Bailey   | Reached skill level 8 in Fighting
  7791 | Bailey   | Reached skill level 5 in Invocations
  8016 | Bailey   | Noticed a deep elf mage
  8017 | Bailey   | Noticed a deep elf mage
  8017 | Bailey   | Noticed a deep elf mage
  8017 | Bailey   | Noticed a deep elf mage
  8017 | Bailey   | Noticed a deep elf mage
  8017 | Bailey   | Noticed a deep elf mage
  8031 | D:8      | Killed a deep elf mage
  8031 | D:8      | Reached XP level 10. HP: 34/80 MP: 20/20
  8429 | D:8      | Found a radiant altar of Vehumet.
  8436 | D:8      | Reached skill level 5 in Short Blades
  8436 | D:8      | Reached skill level 5 in Long Blades
  8436 | D:8      | Reached skill level 5 in Axes
  8436 | D:8      | Reached skill level 5 in Maces & Flails
  8436 | D:8      | Reached skill level 5 in Staves
  8436 | D:8      | Reached skill level 5 in Slings
  8436 | D:8      | Reached skill level 5 in Bows
  8436 | D:8      | Reached skill level 5 in Crossbows
  8436 | D:8      | Reached skill level 5 in Throwing
  8436 | D:8      | Reached skill level 5 in Armour
  8436 | D:8      | Reached skill level 5 in Dodging
  8436 | D:8      | Reached skill level 5 in Shields
  8436 | D:8      | Reached skill level 5 in Unarmed Combat
  9186 | D:8      | Found a shattered altar of Ashenzari.
  9703 | D:9      | Found a staircase to the Orcish Mines.
  9979 | D:9      | Reached skill level 5 in Hexes
 10333 | D:9      | Found a bloodstained altar of Trog.
 10372 | D:10     | Entered Level 10 of the Dungeon
 10833 | D:10     | Noticed a two-headed ogre
 10833 | D:10     | Reached ***** piety under the Shining One
 10856 | D:10     | Killed a two-headed ogre
 10856 | D:10     | Reached XP level 11. HP: 51/87 MP: 22/22
 11129 | D:10     | Found a staircase to the Lair.
 11138 | D:10     | HP: 1/87 [komodo dragon (29)]
 11143 | D:10     | Reached skill level 9 in Fighting
 11762 | D:10     | Found Lituply's Magic Scroll Shoppe.
 11781 | D:10     | Reached skill level 5 in Conjurations
 11781 | D:10     | Reached skill level 5 in Charms
 11781 | D:10     | Reached skill level 5 in Summonings
 11781 | D:10     | Reached skill level 5 in Necromancy
 11781 | D:10     | Reached skill level 5 in Translocations
 11781 | D:10     | Reached skill level 5 in Transmutations
 11781 | D:10     | Reached skill level 5 in Fire Magic
 11781 | D:10     | Reached skill level 5 in Ice Magic
 11781 | D:10     | Reached skill level 5 in Air Magic
 11781 | D:10     | Reached skill level 5 in Earth Magic
 11781 | D:10     | Reached skill level 5 in Poison Magic
 11865 | D:10     | Bought a scroll of immolation for 49 gold pieces
 12032 | Lair:1   | Entered Level 1 of the Lair of Beasts
 14150 | D:11     | Noticed a green ugly thing
 14168 | D:11     | Killed a green ugly thing
 14295 | D:11     | Paralysed by a hornet for 3 turns
 14297 | D:11     | HP: 4/89 [hornet (4)]
 14339 | D:11     | Noticed a two-headed ogre
 14641 | D:11     | Noticed a cyclops
 14649 | D:11     | Killed a cyclops
 15327 | D:11     | Noticed an unseen horror
 15338 | D:11     | Killed an unseen horror
 15443 | D:11     | Killed a two-headed ogre
 15443 | D:11     | Reached XP level 12. HP: 89/96 MP: 24/24
 15763 | D:11     | Found an ornate altar of the Wu Jian Council.
 16755 | Lair:1   | Noticed Grum
 16766 | Lair:1   | Killed Grum
 17564 | Lair:2   | Noticed a catoblepas
 17598 | Lair:2   | Killed a catoblepas
 18037 | Lair:2   | Noticed a five-headed hydra
 18042 | Lair:2   | Killed a five-headed hydra
 18343 | Lair:2   | Found a staircase to the Shoals.
 18408 | Lair:2   | Found a staircase to the Snake Pit.
 18684 | Lair:2   | Found a burning altar of Makhleb.
 18777 | Lair:2   | Reached skill level 10 in Fighting
 19845 | Lair:3   | Killed from afar by a molten gargoyle

Skill      XL: |  1  2  3  4  5  6  7  8  9 10 11 12 |
---------------+-------------------------------------+-----
Hexes          | 2 3 4 5 6 |  6.7
Spellcasting   | 5 6 7 8 9 |  9.2
Invocations    | 1 2 3 4 5 6 7 8 |  8.3
Short Blades   | 1 2 3 4 5 6 7 |  7.6
Long Blades    | 1 2 3 4 5 6 7 |  7.6
Axes           | 1 2 3 4 5 6 7 |  7.6
Maces & Flails | 1 2 3 4 5 6 7 |  7.6
Staves         | 1 2 3 4 5 6 7 |  7.6
Slings         | 1 2 3 4 5 6 7 |  7.6
Bows           | 1 2 3 4 5 6 7 |  7.6
Crossbows      | 1 2 3 4 5 6 7 |  7.6
Throwing       | 1 2 3 4 5 6 7 |  7.6
Armour         | 1 2 3 4 5 6 7 |  7.6
Dodging        | 1 2 3 4 5 6 7 |  7.6
Shields        | 1 2 3 4 5 6 7 |  7.6
Unarmed Combat | 1 2 3 4 5 6 7 |  7.6
Conjurations   | 1 2 3 4 5 6 |  6.3
Charms         | 1 2 3 4 5 6 |  6.3
Summonings     | 1 2 3 4 5 6 |  6.3
Necromancy     | 1 2 3 4 5 6 |  6.3
Translocations | 1 2 3 4 5 6 |  6.3
Transmutations | 1 2 3 4 5 6 |  6.3
Fire Magic     | 1 2 3 4 5 6 |  6.3
Ice Magic      | 1 2 3 4 5 6 |  6.3
Air Magic      | 1 2 3 4 5 6 |  6.3
Earth Magic    | 1 2 3 4 5 6 |  6.3
Poison Magic   | 1 2 3 4 5 6 |  6.3
Evocations     | 3 4 5 6 7 8 |  8.1
Stealth        | 3 4 5 6 7 8 |  8.0
Polearms       | 5 6 7 8 9 |  9.0
Fighting       | 7 8 9 10 | 10.0

Action                   |  1- 3 |  4- 6 |  7- 9 | 10-12 || total
-------------------------+-------+-------+-------+-------++-------
Melee: Spear             |    94 |   134 |       |       ||   228
       Bite              |     4 |    17 |    40 |   106 ||   167
       Trident           |       |    41 |       |   299 ||   340
       Whip              |       |    52 |   339 |   646 ||  1037
       Punch             |       |     2 |     6 |    20 ||    28
 Fire: Shortbow          |       |       |       |     2 ||     2
Throw: Throwing net      |       |       |       |     1 ||     1
Invok: Cleansing Flame   |       |       |       |     1 ||     1
Evoke: Wand              |       |       |       |    15 ||    15
  Use: Potion            |       |     3 |       |    10 ||    13
       Scroll            |       |       |    23 |     7 ||    30
 Stab: Sleeping          |     8 |       |       |       ||     8
  Eat: Chunk             |     1 |       |     2 |     2 ||     5
       Ration            |       |     3 |     3 |    11 ||    17
Armor: Robe              |     9 |       |       |       ||     9
       Leather armour    |     8 |    41 |     9 |       ||    58
       Ring mail         |       |       |   104 |    99 ||   203
       Chain mail        |       |       |       |   273 ||   273
Dodge: Dodged            |    30 |   123 |   208 |   490 ||   851
